[ AOE2 MATCH · #464595333 ]
UnrankedChinese vs Portuguese
Player's team · WIN
[ REPLAY ANALYSIS · EXTRACTED FROM THE RECORDED GAME ]
Feudal
9:26
Castle
18:46
Imperial
38:35
| APM avg | 39.8 |
| APM peak | 102 |
| eAPM avg | 21.1 |
| Villagers / military | 147 / 31 |
Focus
⚔️ 28.5% · 🌾 71.5%
Scout Cavalry ×20 · Iron Pagoda ×7 · Trebuchet (Packed) ×4
Feudal
10:17
Castle
14:53
Imperial
—
| APM avg | 47.7 |
| APM peak | 79 |
| eAPM avg | 16.2 |
| Villagers / military | 21 / 65 |
Focus
⚔️ 54.0% · 🌾 46.0%
Organ Gun ×37 · Monk ×24 · Battering Ram ×2 · Petard ×1 · Scout Cavalry ×1
Match map
Initial resources + every placement click. Lines = walls · curves = elevation contours. ◆ gold · ⬟ stone · ● berries · ✦ relic · ◌ wall gap
Your base· ✓ Closed at 18:46 · 85t walls · 1 gate(s)
WyoDan2's base· Open — opponent sealed themselves in
Smoothed initial terrain · ◌ = detected wall gap · hover for details
Inputs per minute
— overkill - - WyoDan2
Build order — overkill
First 150 of 268 actions detected
| 0:05 | Research | Loom |
| 0:47 | Create | Villager (Male) |
| 1:23 | Create | Villager (Male) |
| 1:23 | Create | Villager (Male) |
| 1:46 | Create | Villager (Male) |
| 2:07 | Build | Lumber Camp |
| 2:13 | Create | Villager (Male) |
| 2:14 | Create | Villager (Male) |
| 2:35 | Create | Villager (Male) |
| 2:36 | Create | Villager (Male) |
| 3:02 | Create | Villager (Male) |
| 3:02 | Create | Villager (Male) |
| 3:13 | Create | Villager (Male) |
| 3:36 | Build | House |
| 3:41 | Create | Villager (Male) |
| 3:42 | Create | Villager (Male) |
| 4:05 | Build | House |
| 4:20 | Create | Villager (Male) |
| 4:20 | Create | Villager (Male) |
| 4:21 | Create | Villager (Male) |
| 4:45 | Build | Mill |
| 4:52 | Create | Villager (Male) ×2 |
| 5:35 | Create | Villager (Male) |
| 5:48 | Create | Villager (Male) |
| 5:59 | Create | Villager (Male) |
| 7:16 | Research | Feudal Age |
| 7:42 | Build | Barracks |
| 7:57 | Build | Palisade Wall |
| 8:25 | Build | House |
| 9:09 | Build | Palisade Wall |
| 9:17 | Build | Palisade Wall |
| 9:24 | Create | Villager (Male) |
| 9:24 | Create | Villager (Male) |
| 9:26 | Age | Feudal Age |
| 9:27 | Build | Stable |
| 9:33 | Build | Palisade Wall |
| 9:47 | Build | House |
| 9:48 | Build | House |
| 9:53 | Create | Villager (Male) |
| 9:57 | Create | Villager (Male) |
| 10:22 | Build | Mining Camp |
| 10:30 | Research | Double-Bit Axe |
| 10:41 | Build | Stone Wall |
| 10:45 | Create | Villager (Male) |
| 10:47 | Build | Farm |
| 10:48 | Build | Farm |
| 10:50 | Build | Farm |
| 10:51 | Build | Farm |
| 10:53 | Build | Farm |
| 10:56 | Create | Villager (Male) |
| 11:06 | Build | Stone Wall |
| 11:23 | Build | Farm |
| 11:30 | Create | Scout Cavalry |
| 11:38 | Build | Farm |
| 11:40 | Build | Farm |
| 11:42 | Create | Villager (Male) |
| 11:58 | Build | Farm |
| 12:15 | Create | Villager (Male) |
| 12:15 | Create | Villager (Male) |
| 12:25 | Build | Stone Wall |
| 12:35 | Build | Farm |
| 12:36 | Build | Farm |
| 12:41 | Create | Villager (Male) |
| 12:41 | Create | Villager (Male) |
| 12:52 | Build | Stone Wall |
| 12:55 | Build | Stone Wall |
| 13:01 | Build | Gate |
| 13:17 | Create | Villager (Male) |
| 13:18 | Create | Villager (Male) |
| 13:42 | Build | Market |
| 13:44 | Build | House |
| 13:45 | Build | Palisade Wall |
| 13:53 | Create | Villager (Male) |
| 14:14 | Create | Villager (Male) |
| 14:14 | Create | Villager (Male) |
| 14:32 | Build | Stone Wall |
| 14:37 | Build | House |
| 14:50 | Build | Farm |
| 14:52 | Build | Farm |
| 14:54 | Build | Farm |
| 14:55 | Build | Farm |
| 15:08 | Create | Villager (Male) |
| 15:21 | Build | Farm |
| 15:31 | Create | Villager (Male) |
| 16:02 | Research | Castle Age |
| 16:37 | Research | Gold Mining |
| 16:38 | Research | Horse Collar |
| 17:06 | Build | Farm |
| 17:09 | Create | Villager (Male) |
| 17:16 | Create | Scout Cavalry ×2 |
| 17:21 | Build | Blacksmith |
| 17:32 | Build | Farm |
| 17:58 | Build | Stone Wall |
| 18:08 | Build | Stone Wall |
| 18:14 | Build | Gate |
| 18:16 | Build | Stone Wall |
| 18:18 | Build | Stone Wall |
| 18:32 | Build | Watch Tower |
| 18:46 | Age | Castle Age |
| 18:48 | Build | Siege Workshop |
| 18:56 | Research | Scale Barding Armor |
| 18:57 | Research | Light Cavalry (upgrade) |
| 19:03 | Build | Mining Camp |
| 19:06 | Create | Villager (Male) ×4 |
| 19:34 | Create | Iron Pagoda |
| 19:34 | Create | Iron Pagoda |
| 19:48 | Build | Stone Wall |
| 19:58 | Build | Gate |
| 20:11 | Create | Scout Cavalry |
| 20:11 | Create | Scout Cavalry |
| 20:27 | Create | Iron Pagoda |
| 20:47 | Create | Villager (Male) |
| 20:57 | Build | Town Center |
| 21:13 | Create | Villager (Male) |
| 21:16 | Build | House |
| 21:19 | Build | House |
| 21:24 | Create | Villager (Male) |
| 21:34 | Research | Bow Saw |
| 21:34 | Create | Villager (Male) ×2 |
| 22:04 | Research | Bloodlines |
| 22:17 | Build | Lumber Camp |
| 22:21 | Create | Villager (Male) |
| 22:24 | Create | Villager (Male) ×2 |
| 22:38 | Create | Villager (Male) |
| 22:49 | Create | Villager (Male) |
| 23:10 | Create | Villager (Male) |
| 23:26 | Build | Lumber Camp |
| 23:30 | Create | Villager (Male) |
| 23:30 | Create | Villager (Male) |
| 23:37 | Create | Iron Pagoda |
| 23:48 | Create | Villager (Male) |
| 24:00 | Build | Stable |
| 24:07 | Create | Villager (Male) |
| 24:29 | Build | House |
| 24:30 | Build | House |
| 24:30 | Create | Villager (Male) ×2 |
| 24:30 | Create | Villager (Male) ×2 |
| 24:36 | Build | Farm |
| 24:46 | Build | Lumber Camp |
| 25:01 | Create | Villager (Male) |
| 25:10 | Create | Villager (Male) |
| 25:14 | Build | Farm |
| 25:15 | Build | Farm |
| 25:29 | Create | Villager (Male) |
| 25:32 | Build | House |
| 25:43 | Create | Villager (Male) |
| 25:43 | Create | Villager (Male) |
| 25:56 | Build | Farm |
| 25:56 | Build | Farm |
| 25:56 | Build | Farm |
Build order — WyoDan2
122 actions detected in the replay
| 0:00 | Create | Villager (Male) |
| 0:01 | Create | Villager (Male) |
| 0:02 | Build | House |
| 0:03 | Build | House |
| 0:07 | Create | Villager (Male) |
| 0:07 | Create | Villager (Male) |
| 1:26 | Create | Villager (Male) |
| 2:04 | Build | Lumber Camp |
| 2:16 | Create | Villager (Male) |
| 2:16 | Create | Villager (Male) |
| 2:16 | Create | Villager (Male) |
| 2:40 | Create | Villager (Male) |
| 2:56 | Create | Villager (Male) |
| 3:20 | Create | Villager (Male) |
| 3:56 | Create | Villager (Male) |
| 4:26 | Research | Loom |
| 4:34 | Build | House |
| 4:42 | Create | Villager (Male) |
| 4:51 | Build | Palisade Wall |
| 5:02 | Build | Mill |
| 5:34 | Create | Villager (Male) |
| 5:35 | Create | Villager (Male) |
| 5:35 | Create | Villager (Male) |
| 5:35 | Create | Villager (Male) |
| 6:12 | Build | House |
| 6:42 | Build | Mining Camp |
| 7:05 | Create | Villager (Male) |
| 7:08 | Create | Villager (Male) |
| 8:07 | Research | Feudal Age |
| 9:30 | Build | Palisade Wall |
| 9:34 | Build | Palisade Wall |
| 9:37 | Build | Palisade Wall |
| 9:39 | Build | Palisade Wall |
| 9:47 | Build | Palisade Wall |
| 9:53 | Build | Palisade Wall |
| 9:57 | Build | Palisade Wall |
| 10:07 | Build | Palisade Wall |
| 10:17 | Age | Feudal Age |
| 10:25 | Build | Blacksmith |
| 10:30 | Build | Market |
| 12:13 | Research | Castle Age |
| 13:31 | Build | Palisade Wall |
| 14:53 | Age | Castle Age |
| 14:55 | Create | Villager (Male) |
| 15:04 | Research | Gold Mining |
| 15:35 | Build | Castle |
| 15:52 | Build | Mining Camp |
| 16:31 | Create | Organ Gun |
| 16:48 | Create | Organ Gun |
| 16:50 | Create | Petard |
| 17:33 | Create | Organ Gun |
| 17:36 | Create | Villager (Male) |
| 18:07 | Create | Organ Gun |
| 18:27 | Create | Organ Gun |
| 18:55 | Build | Monastery |
| 19:04 | Create | Organ Gun |
| 19:20 | Create | Organ Gun |
| 19:33 | Create | Monk |
| 20:12 | Create | Organ Gun |
| 20:28 | Create | Monk |
| 20:53 | Create | Organ Gun |
| 20:56 | Research | Sanctity |
| 22:06 | Research | Redemption |
| 22:16 | Create | Organ Gun |
| 22:43 | Create | Organ Gun |
| 22:46 | Create | Monk |
| 23:08 | Create | Organ Gun |
| 23:09 | Create | Monk |
| 23:21 | Create | Monk |
| 23:39 | Create | Organ Gun |
| 23:55 | Create | Monk |
| 24:12 | Create | Organ Gun |
| 24:19 | Build | Lumber Camp |
| 24:54 | Create | Monk |
| 25:10 | Create | Monk |
| 25:22 | Create | Organ Gun |
| 25:56 | Create | Organ Gun |
| 25:56 | Create | Monk |
| 26:08 | Create | Monk |
| 26:20 | Create | Organ Gun |
| 26:20 | Create | Monk |
| 27:04 | Create | Organ Gun |
| 27:38 | Create | Organ Gun |
| 27:44 | Create | Monk |
| 27:51 | Create | Monk |
| 27:53 | Create | Monk |
| 28:12 | Create | Organ Gun |
| 28:12 | Create | Organ Gun |
| 28:30 | Build | Mining Camp |
| 28:44 | Create | Organ Gun |
| 28:45 | Create | Monk |
| 29:17 | Create | Organ Gun |
| 29:17 | Create | Monk |
| 29:41 | Create | Organ Gun |
| 29:42 | Create | Monk |
| 30:00 | Create | Monk |
| 30:19 | Create | Organ Gun |
| 30:58 | Create | Organ Gun |
| 31:12 | Create | Organ Gun |
| 31:47 | Create | Organ Gun |
| 31:48 | Create | Monk |
| 32:01 | Create | Monk |
| 32:26 | Build | Siege Workshop |
| 32:41 | Create | Organ Gun |
| 32:42 | Create | Organ Gun |
| 33:10 | Create | Organ Gun |
| 33:23 | Create | Battering Ram |
| 34:03 | Create | Organ Gun |
| 34:10 | Create | Battering Ram |
| 34:30 | Create | Organ Gun |
| 34:54 | Create | Organ Gun |
| 35:18 | Create | Monk |
| 35:57 | Create | Organ Gun |
| 36:19 | Create | Monk |
| 36:49 | Create | Scout Cavalry |
| 36:51 | Build | House |
| 36:55 | Build | House |
| 37:28 | Create | Monk |
| 37:29 | Create | Organ Gun |
| 38:06 | Create | Organ Gun |
| 38:06 | Create | Monk |
| 38:43 | Build | House |
Match timeline
| 4:51 | WyoDan2 · wall_segment Palisade Wall x1 |
| 7:42 | overkill · first_building Barracks |
| 7:57 | overkill · wall_segment Palisade Wall x8 |
| 9:09 | overkill · wall_segment Palisade Wall x7 |
| 9:17 | overkill · wall_segment Palisade Wall x10 |
| 9:26 | overkill · age_up feudal |
| 9:27 | overkill · first_building Stable |
| 9:30 | WyoDan2 · wall_segment Palisade Wall x1 |
| 9:33 | overkill · wall_segment Palisade Wall x7 |
| 9:34 | WyoDan2 · wall_segment Palisade Wall x1 |
| 9:37 | WyoDan2 · wall_segment Palisade Wall x1 |
| 9:39 | WyoDan2 · wall_segment Palisade Wall x1 |
| 9:47 | WyoDan2 · wall_segment Palisade Wall x1 |
| 9:53 | WyoDan2 · wall_segment Palisade Wall x1 |
| 9:57 | WyoDan2 · wall_segment Palisade Wall x1 |
| 10:07 | WyoDan2 · wall_segment Palisade Wall x1 |
| 10:17 | WyoDan2 · age_up feudal |
| 10:41 | overkill · wall_segment Stone Wall x6 |
| 11:06 | overkill · wall_segment Stone Wall x6 |
| 11:37 | WyoDan2 · first_market_sell 100 stone |
| 11:40 | WyoDan2 · first_market_buy 100 food |
| 12:25 | overkill · wall_segment Stone Wall x13 |
| 12:52 | overkill · wall_segment Stone Wall x8 |
| 12:55 | overkill · wall_segment Stone Wall x1 |
| 13:31 | WyoDan2 · wall_segment Palisade Wall x1 |
| 13:45 | overkill · wall_segment Palisade Wall x1 |
| 14:32 | overkill · wall_segment Stone Wall x6 |
| 14:53 | WyoDan2 · age_up castle |
| 15:07 | overkill · first_market_buy 100 food |
| 15:35 | WyoDan2 · first_building Castle |
| 17:58 | overkill · wall_segment Stone Wall x8 |
| 18:08 | overkill · wall_segment Stone Wall x4 |
| 18:16 | overkill · wall_segment Stone Wall x1 |
| 18:18 | overkill · wall_segment Stone Wall x1 |
| 18:46 | overkill · age_up castle |
| 18:48 | overkill · first_building Siege Workshop |
| 18:55 | WyoDan2 · first_building Monastery |
| 19:48 | overkill · wall_segment Stone Wall x5 |
| 26:23 | overkill · first_building Castle |
| 30:13 | overkill · wall_segment Stone Wall x8 |
| 32:26 | WyoDan2 · first_building Siege Workshop |
| 33:55 | overkill · first_market_sell 500 stone |
| 34:20 | overkill · wall_segment Stone Wall x2 |
| 35:40 | overkill · wall_segment Stone Wall x3 |
| 37:24 | overkill · wall_segment Stone Wall x7 |
| 38:35 | overkill · age_up imperial |
| 40:57 | WyoDan2 · resign |
[ AI ANALYSIS · 1 CREDIT ]
What really happened in this match?
Wolo.gg analyzes every decision: build order, eco, micro, common mistakes by bracket. Personalized analysis on WhatsApp or Discord in 30 seconds.
Civ guide
Chinese
Perfil
Jugador #213422